 Dungeon Crawl Stone Soup version 0.31.0-12-g77e489cdc1 (webtiles) character file.

Game seed: 9774575150953649935

495 Gadfly the Insei (level 6, -4/47 HPs)
             Began as a Demonspawn Monk on Mar 3, 2024.
             Splashed by a jelly's acid (7 damage)
             ... in a sewer.
             The game lasted 00:04:54 (2961 turns).

Gadfly the Insei (Demonspawn Monk)                  Turns: 2961, Time: 00:04:54

Health: -4/47      AC: -6    Str: 14    XL:     6   Next: 92%
Magic:  6/6        EV: 13    Int: 10    God:
Gold:   127        SH:  0    Dex: 15    Spells: 3/5 levels left

rFire   . .          .
                       - Unarmed
rCold   . . .        c - orb {light}
rNeg    . . .        f - +0 robe
rPois   +            g - +1 helmet
rElec   +            m - +0 cloak
rCorr   .            (no gloves)
SInv    .            (no boots)
Will    .....        (no amulet)
Stlth   +            i - ring of poison resistance
HPRegen 0.27/turn    (no ring)
MPRegen 0.10/turn

%: clarity
@: corroded, glowing
A: icy blue scales 1, foul stench 1, powered by death 2, clarity, deformed body,
electricity resistance
a: no special abilities


You were in a sewer.
You visited 1 branch of the dungeon, and saw 4 of its levels.
You also visited: Sewer.

You collected 127 gold pieces.

Inventory:

Hand Weapons
 b - the +4 quarterstaff "Ywotyer" {spect, Int+3}
   (You found it on level 2 of the Dungeon)

   Int+3:     It affects your intelligence (+3).
Armour
 c - an orb of light (worn)
 f - a +0 robe (worn)
 g - a +1 helmet (worn)
 m - a +0 cloak (worn)
Jewellery
 i - a ring of poison resistance (left hand)
Wands
 n - a wand of polymorph (9) (quivered)
Scrolls
 o - a scroll of enchant weapon
 p - 3 scrolls of identify
 q - a scroll of immolation
Potions
 a - a potion of ambrosia
 d - a potion of haste
 e - a potion of brilliance {unknown}
 h - 2 potions of mutation
 j - a potion of berserk rage {unknown}
 k - a potion of curing
 l - a potion of lignification {unknown}
 r - a potion of might {unknown}


   Skills:
 * Level 3.0 Fighting
 + Level 3.7 Dodging
 * Level 4.4 Unarmed Combat
 + Level 3.6 Evocations
 * Level 2.9 Shapeshifting


You had 3 spell levels left.
You knew the following spells:

 Your Spells              Type           Power      Damage    Failure   Level
a - Blink                 Tloc           0%         N/A       50%         2

Your spell library contained the following spells:

 Spells                   Type           Power      Damage    Failure   Level
 Magic Dart               Conj           0%         1d3       36%         1
 Call Imp                 Summ           0%         N/A       50%         2
 Ozocubu's Armour         Ice            0%         N/A       75%         3
 Metabolic Englaciation   Hex/Ice        0%         N/A       100%        5
 Sculpt Simulacrum        Ice/Alch       0%         N/A       100%        6


Dungeon Overview and Level Annotations

Branches:
Dungeon (5/15)              Sewer (1/1)
 Temple: D:4-7

Altars:
Xom

Annotations:
D:5 1 runed translucent door


Innate Abilities, Weirdness & Mutations

You are partially covered in icy blue scales. (AC +2)
You may rarely emit foul miasma when damaged in melee.
You regenerate health from kills.
You possess an exceptional clarity of mind.
Armour fits poorly on your strangely shaped body.
You are resistant to electric shocks. (rElec)


Message History

You hit the jelly. The acid corrodes you!
Your hands burn!
The jelly is moderately wounded.
The rat barely misses you. The river rat barely misses you. The jelly hits you.
The acid corrodes you!
You are splashed with acid!
Your unstable footing causes you to fumble your attack.
The rat splashes around in the water.
Your unstable footing causes you to fumble your attack.
The river rat misses you. The jelly closely misses you.
The rat splashes around in the water.
Your unstable footing causes you to fumble your attack.
The river rat closely misses you. The jelly hits you. The acid corrodes you!
You are splashed with acid!
The rat bites you.
You are too injured to fight recklessly!
You are too injured to fight recklessly!
You are too injured to fight recklessly!
You are too injured to fight recklessly!
You are too injured to fight recklessly!
You are too injured to fight recklessly!
You are too injured to fight recklessly!
You are too injured to fight recklessly!
You are too injured to fight recklessly!
You are too injured to fight recklessly!
You are too injured to fight recklessly!
You are too injured to fight recklessly!
You are too injured to fight recklessly!
You are too injured to fight recklessly!
You are too injured to fight recklessly!
You are too injured to fight recklessly!
Unknown command.
The river rat attacks as it pursues you!
The river rat bites you. The rat attacks as it pursues you!
The rat barely misses you. The river rat bites you.
* * * LOW HITPOINT WARNING * * *
The jelly completely misses you. The river rat bites you!
* * * LOW HITPOINT WARNING * * *
The jelly hits you.
* * * LOW HITPOINT WARNING * * *
You are splashed with acid!
You die...

##. # .~ #~. #..~. ##..
#..# ###~.~ ####~.##
##~††~. ##~~~~~~#
##..~..#
####~~...~~.##.~~~###
##~.r~..###~....~~##
####~lrJ@~##.##..~~.##
#.~~.~##†.#..~##.~~~#
#..~..~###..##.......~#
#_.~.~~ #~.†##~.~....~#
#.?..~~
##∩~..~~~~~#.~~#
#####.~
##~~..#.~.##~..~ #.~
######~.## #~..# #.~
..~# #### ### ..~##


You could see a jelly, a river rat, a frilled lizard and a rat.

Vanquished Creatures
  A black bear (D:5)
  A gnoll bouda (D:3)
  Jessica (D:2)
  Terence (D:2)
  Natasha (thrice) (D:2)
  7 gnolls
  7 adders
  6 river rats
  A dart slug (D:2)
  5 ribbon worms
  An orc (D:5)
  7 endoplasms
  4 giant cockroaches
  4 goblins
  2 hobgoblins
  2 jackals (D:2)
  5 kobolds
  2 quokkas (D:2)
  4 ball pythons
  3 bats
  4 frilled lizards
  6 rats
77 creatures vanquished.

Notes
Turn   | Place    | Note
-------+----------+-------------------------------------------
     0 | D:1      | Gadfly the Demonspawn Monk began the quest for the Orb.
     0 | D:1      | Reached XP level 1. HP: 18/18 MP: 1/1
   312 | D:1      | Gained mutation: You may rarely emit foul miasma when
                  | damaged in melee. [demonic ancestry]
   312 | D:1      | Reached XP level 2. HP: 24/24 MP: 2/2
   699 | D:1      | Gained mutation: Armour fits poorly on your strangely
                  | shaped body. [potion of mutation]
   699 | D:1      | Gained mutation: You possess an exceptional clarity of
                  | mind. [potion of mutation]
   699 | D:1      | Gained mutation: You are resistant to electric shocks.
                  | (rElec) [potion of mutation]
   774 | D:2      | Reached skill level 3 in Unarmed Combat
   774 | D:2      | Reached skill level 1 in Evocations
   962 | D:2      | Noticed Natasha
   968 | D:2      | Killed Natasha
   969 | D:2      | Reached skill level 1 in Shapeshifting
   969 | D:2      | Reached XP level 3. HP: 8/29 MP: 3/3
  1072 | D:2      | Noticed Terence
  1081 | D:2      | Killed Terence
  1082 | D:2      | Gained mutation: You regenerate a little health from kills.
                  | [demonic ancestry]
  1082 | D:2      | Reached XP level 4. HP: 22/35 MP: 4/4
  1199 | D:2      | Noticed Natasha
  1211 | D:2      | Killed Natasha
  1280 | D:2      | Noticed Jessica
  1291 | D:2      | Killed Jessica
  1414 | D:2      | Identified the +4 quarterstaff "Ywotyer" {spect, Int+3}
  1423 | D:2      | Found a shimmering altar of Xom.
  1424 | D:2      | Found a faded altar of an unknown god.
  1495 | D:2      | Gained mutation: You regenerate health from kills. [demonic
                  | ancestry]
  1495 | D:2      | Reached XP level 5. HP: 34/41 MP: 5/5
  1607 | D:2      | Noticed Natasha
  1633 | D:2      | Killed Natasha
  2438 | D:3      | Reached skill level 4 in Unarmed Combat
  2453 | D:3      | Learned a level 2 spell: Blink
  2500 | D:3      | You fall into a shaft and drop 2 floors!
  2500 | D:5      | Entered Level 5 of the Dungeon
  2615 | D:5      | Found a runed translucent door.
  2632 | D:5      | Gained mutation: You are partially covered in icy blue
                  | scales. (AC +2) [demonic ancestry]
  2632 | D:5      | Reached XP level 6. HP: 20/47 MP: 6/6
  2833 | D:5      | Found a glowing drain.
  2837 | Sewer    | Entered a sewer
  2952 | Sewer    | Found a viscous altar of Jiyva.
  2961 | Sewer    | Splashed by a jelly's acid

Illustrated notes

Levels and vault maps discovered:
D:1:      mainiacjoe_arrival_oval_in_oval, layout_basic, serial_glass,
          glass_columns_b, glass_columns_a, glass_columns_b,
          minmay_misc_feat_columns, minivault_23
D:2:      layout_basic, basic_altar, ebering_ecumenical_altar_sacrificial,
          uniq_natasha, uniq_terence, uniq_jessica
D:3:      layout_loops_ring, good_gods_mini_temple,
          mainiacjoe_overflow_alcove_2, nicolae_grassy_gnolls
D:5:      layout_gridville, yredelemnul_forgotten_temple_becter,
          ebering_ghost_sewer_f, lightli_sewer_entry_pipes,
          minmay_divided_ellipse
Sewer:    sewer_hellmonk_slimy_pipes

Skill      XL: |  1  2  3  4  5  6 |
---------------+-------------------+-----
Unarmed Combat | 3 4 |  4.4
Evocations     | 1 2 3 |  3.6
Dodging        | 3 |  3.7
Shapeshifting  | 1 2 |  2.9
Fighting       | |  3.0

Action                     |  1- 3 |  4- 6 || total
---------------------------+-------+-------++-------
  Melee: Unarmed           |    57 |   275 ||   332
    Use: Scroll            |     5 |     6 ||    11
         Potion            |     3 |     1 ||     4
 Armour: Robe              |    28 |   181 ||   209
  Dodge: Dodged            |    38 |   193 ||   231
